 Dungeon Crawl Stone Soup version 0.25-a0-855-g681bda5bb4 (webtiles) character file.

Game seed: 10095152119728657415, levelgen mode: deterministic

312 Maedhros the Skirmisher (level 6, 0/47 HPs)
             Began as an Octopode Wanderer on Apr 26, 2020.
             Was a Plaything of Xom.
             Slain by Sigmund
             ... wielding a +0 scythe
              (6 damage)
             ... on level 5 of the Dungeon.
             The game lasted 00:02:36 (850 turns).

Maedhros the Skirmisher (Octopode Wanderer)          Turns: 850, Time: 00:02:37

Health: 0/47       AC:  1    Str:  8 (11) XL:     6   Next: 42%
Magic:  6/6        EV: 14    Int: 13 (14) God:    Xom [..*...]
Gold:   28         SH:  0    Dex: 11 (14) Spells: 5/5 levels left

rFire    . . .     SeeInvis .     - Unarmed
rCold    . . .     Gourm    .   (no shield)
rNeg     . . .     Faith    .   (helmet restricted)
rPois    .         Spirit   .   (no amulet)
rElec    .         Reflect  .   (no ring)
rCorr    .         Harm     .   (no ring)
MR       .....                  (no ring)
Stlth    +++.......             (no ring)
HPRegen  0.15/turn              (no ring)
MPRegen  0.10/turn              (no ring)
                                (no ring)
                                (no ring)

@: no status effects
A: almost no armour, stealthy swim, amphibious, 8 rings, constrict 8, camouflage
1, gelatinous body 1
a: Renounce Religion


You were on level 5 of the Dungeon.
You worshipped Xom.
You were a toy of Xom.
You were not hungry.

You visited 2 branches of the dungeon, and saw 6 of its levels.

You collected 28 gold pieces.

Inventory:

Hand Weapons
 a - a +0 shortbow
Missiles
 c - 31 arrows
 g - 8 poisoned darts (quivered)
Wands
 j - a wand of paralysis (2)
Scrolls
 b - a scroll of amnesia {unknown}
 d - 2 scrolls of teleportation
 e - 4 scrolls of identify {unknown}
 h - a scroll of fog {unknown}
 k - a scroll of magic mapping {unknown}
 l - a scroll of noise {unknown}
Comestibles
 f - 3 rations


   Skills:
 + Level 6.7 Fighting
 - Level 1.0 Throwing
 + Level 4.2 Dodging
 - Level 1.3 Stealth
 - Level 3.0 Unarmed Combat


You had 5 spell levels left.
You didn't know any spells.
Your spell library was empty.

Dungeon Overview and Level Annotations

Branches:
Dungeon (5/15)             Temple (1/1) D:5

Altars:
Nemelex Xobeh
Qazlal
Sif Muna
Uskayaw
Xom

Annotations:
D:5 exclusion: door, Sigmund


Innate Abilities, Weirdness & Mutations

You cannot wear most types of armour.
You are very stealthy in the water. (Stealth+)
You are amphibious.
You can wear up to eight rings at the same time.
You can use your tentacles to constrict eight enemies at once.
Your skin changes colour to match your surroundings (Stealth+).
Your rubbery body absorbs attacks. (AC +1, EV +1)


Message History

You tentacle-slap Sigmund.
Sigmund is moderately wounded.
You constrict Sigmund. Sigmund misses you.
You tentacle-slap Sigmund.
Sigmund is heavily wounded.
You constrict Sigmund. You tentacle-slap Sigmund.
Sigmund is severely wounded.
You constrict Sigmund. Sigmund misses you.
You completely miss Sigmund.
Sigmund is severely wounded.
You constrict Sigmund. Sigmund hits you but does no damage.
You tentacle-slap Sigmund.
Sigmund is almost dead.
You constrict Sigmund.
You tentacle-slap Sigmund but do no damage.
Sigmund is almost dead.
You constrict Sigmund. Sigmund hits you with a +0 scythe.
You die... "What!?
That's it?"

#...............
##.8.8.8..###...#
###...⌠.⌠...# #..##
......8.>.8.#.##.$#
##.##..⌠.⌠..##.<..#
#. #.8.8.8...#
#.##........##
#..###...#.##
#@@....b...#
#.#..b..##.######
#.#....#........#
#..#..#....####.##
#...###..........#
#....###...####.#
#....#..#..# #.#
#...#....#.####.###
#.##.....#.........


You could see Sigmund.

Vanquished Creatures
  An ogre (D:5)
  A crimson imp (D:5)
  A hound (D:5)
  An orc priest (D:4)
  3 orc wizards
  A worker ant (D:5)
  An adder (D:5)
  An adder zombie (D:5)
  A dart slug (D:1)
  A leopard gecko (D:5)
  An orc (D:4)
  A giant cockroach (D:2)
  A goblin (D:1)
  2 quokkas
  2 frilled lizards
  A giant cockroach zombie (D:5)
  A kobold (D:3)
21 creatures vanquished.

Notes
Turn   | Place    | Note
-------+----------+-------------------------------------------
     0 | D:1      | Maedhros the Octopode Wanderer began the quest for the Orb.
     0 | D:1      | Maedhros set off with the following items: a +0 shortbow, 2
                  | potions of heal wounds, 20 arrows, a scroll of
                  | teleportation, a ration
     0 | D:1      | Reached XP level 1. HP: 18/18 MP: 1/1
    93 | D:2      | Reached skill level 1 in Dodging
    93 | D:2      | Reached XP level 2. HP: 23/24 MP: 2/2
   181 | D:4      | Reached XP level 3. HP: 11/29 MP: 3/3
   195 | D:4      | Reached XP level 4. HP: 5/36 MP: 4/4
   498 | D:4      | Noticed a sky beast
   527 | D:5      | Entered Level 5 of the Dungeon
   533 | D:5      | Reached skill level 6 in Fighting
   533 | D:5      | Reached XP level 5. HP: 3/41 MP: 5/5
   560 | D:5      | Noticed an ogre
   572 | D:5      | Killed an ogre
   608 | D:5      | Reached XP level 6. HP: 10/47 MP: 6/6
   611 | D:5      | Found a shimmering blue altar of Sif Muna.
   752 | D:5      | Found a staircase to the Ecumenical Temple.
   769 | Temple   | Entered the Ecumenical Temple
   792 | Temple   | Became a worshipper of Xom of Chaos
   823 | D:5      | Noticed Sigmund
   843 | D:5      | XOM: butterfly on damage
   850 | D:5      | Slain by Sigmund

Levels and vault maps discovered:
D:1:      eino_arrival_druids_welcome, layout_loops_cross,
          grunt_decor_mini_mirrors
D:2:      layout_basic, lemuel_crystal_altar, uniq_terence
D:3:      layout_basic, first_ration, dk_yredelemnul_ordeal
D:4:      layout_rooms, kennysheep_little_box, serial_shops,
          nicolae_shop_temple_entry_statues_fountains
D:5:      layout_loops_ring, led_sif_book, marbit_many_paths,
          minmay_temple_entry_statues_fountains, serial_shops, shop,
          nicolae_ossuary_entry_ruins, minmay_misc_feat_nine_boxes,
          minmay_misc_feat_chi, minmay_misc_feat_square, uniq_sigmund
Temple:   jpeg_temple_clearing

Skill      XL: |  1  2  3  4  5  6 |
---------------+-------------------+-----
Dodging        | 1 2 3 4 |  4.2
Fighting       | 6 |  6.7
Throwing       | |  1.0
Stealth        | |  1.3
Unarmed Combat | |  3.0

Action                   |  1- 3 |  4- 6 || total
-------------------------+-------+-------++-------
Melee: Unarmed           |    28 |    57 ||    85
       Constrict         |     5 |    10 ||    15
       Tentacles         |     2 |    10 ||    12
       Punch             |       |     1 ||     1
Evoke: Wand              |       |     2 ||     2
  Use: Potion            |     2 |     1 ||     3
 Stab: Sleeping          |     2 |     3 ||     5
       Paralysed         |       |     8 ||     8
Armor: Skin              |     1 |     2 ||     3
Dodge: Dodged            |     8 |    22 ||    30

Table legend:
 A = Non-vault XP
 B = Vault XP
 C = Vault XP percentage of total XP
 D = Non-vault monster count
 E = Vault monster count
 F = Vault count percentage of total count
                 A         B        C        D         E       F
            +---------+---------+-------+---------+---------+-------
      Total |     447 |       0 |   0.0 |      21 |       0 |   0.0
            +---------+---------+-------+---------+---------+-------
        D:1 |       7 |       0 |   0.0 |       3 |       0 |   0.0
        D:2 |       4 |       0 |   0.0 |       2 |       0 |   0.0
        D:3 |       1 |       0 |   0.0 |       1 |       0 |   0.0
        D:4 |     126 |       0 |   0.0 |       5 |       0 |   0.0
        D:5 |     309 |       0 |   0.0 |      10 |       0 |   0.0
            +---------+---------+-------+---------+---------+-------
